Map: Catalyst LE

Players

XxXRavenXxX - Winner!

  • Race: Protoss Protoss
  • League: Silver
  • Spawn Location: 11:00

SpaceCadet

  • Race: Protoss Protoss
  • League: Silver
  • Spawn Location: 5:00

VOD

Have the link to the VOD?

Description

Time

  • Played on: Feb. 21, 2018, 10:18 p.m.
  • Length: 14:10
Show
View Real Time Build Order
Export as new Build Order

XxXRavenXxX Protoss - Winner!

Build Orders: 1 Gate Expand 

Get SALT Encoding   

  12  0:00  Probe  
  13  0:15  Pylon  
  13  0:18  Probe (Chrono Boost)  
  14  0:28  Probe (Chrono Boost)  
  15  0:33  Probe (Chrono Boost)  
  16  0:40  Gateway  
  16  0:45  Assimilator  
  16  0:52  Probe (Chrono Boost)  
  18  1:04  Probe (Chrono Boost)  
  18  1:11  Probe (Chrono Boost)  
  19  1:18  Probe  
  20  1:35  Nexus  
  20  1:43  Pylon  
  20  1:49  Pylon  
  20  1:52  Zealot  
  22  1:55  Probe  
  23  2:07  Probe  
  24  2:19  Cybernetics Core, Probe  
  25  2:29  Assimilator  
  25  2:32  Probe (Chrono Boost)  
  26  2:44  Probe (Chrono Boost)  
  28  2:51  Probe (Chrono Boost)  
  28  2:55  Adept  
  30  3:00  Probe  
  30  3:01  Probe  
  32  3:09  Shield Battery  
  32  3:12  Probe  
  33  3:13  Probe  
  33  3:16  Pylon  
  34  3:22  Adept  
  34  3:24  Probe  
  37  3:28  Warp Gate (Chrono Boost)  
  37  3:34  Gateway  
  37  3:35  Gateway  
  37  3:45  Robotics Facility  
  37  3:51  Pylon  
  37  3:53  Probe x2  
  39  4:05  Probe x2  
  41  4:11  Adept  
  43  4:17  Probe x2  
  45  4:29  Probe  
  46  4:32  Assimilator  
  46  4:34  Adept  
  46  4:35  Adept, Assimilator  
  50  4:38  Adept  
  50  4:39  Observer  
  53  4:48  Probe x2  
  55  4:57  Stargate  
  55  4:59  Stargate  
  55  5:00  Probe x2  
  55  5:06  Pylon  
  57  5:11  Pylon  
  57  5:12  Probe x2  
  59  5:15  Protoss Air Weapons Level 1  
  65  5:35  Pylon  
  65  5:37  Pylon  
  59  5:44  Gateway  
  59  5:47  Gateway  
  59  5:49  Gateway  
  59  5:58  Gateway  
  59  6:00  Adept x2  
  59  6:01  Adept  
  65  6:09  Stargate  
  65  6:10  Stargate  
  65  6:16  Pylon  
  65  6:17  Immortal  
  69  6:19  Pylon  
  69  6:26  Stalker  
  69  6:27  Stalker x2  
  75  6:54  Nexus  
  75  6:56  Immortal, Adept x4, Pylon  
  75  6:58  Pylon  
  75  7:00  Pylon  
  73  7:09  Zealot x2  
  75  7:28  Void Ray (Chrono Boost)  
  75  7:29  Void Ray (Chrono Boost)  
  83  7:41  Probe x2  
  85  7:45  Assimilator  
  85  7:49  Assimilator  
  85  7:53  Probe x2  
  87  8:02  Void Ray x2 (Chrono Boost)  
  87  8:03  Observer  
  87  8:05  Probe x2  
  98  8:15  Void Ray (Chrono Boost)  
  102  8:24  Immortal  
  106  8:35  Void Ray  
  106  8:37  Pylon  
  106  8:40  Pylon  
  110  8:42  Pylon  
  110  8:48  Protoss Air Armor Level 1 (Chrono Boost)  
  110  8:50  Fleet Beacon  
  102  9:13  Void Ray (Chrono Boost)  
  102  9:14  Void Ray x2 (Chrono Boost)  
  114  9:23  Void Ray (Chrono Boost)  
  118  9:33  Probe x3  
  121  9:42  Carrier (Chrono Boost)  
  121  9:45  Probe x3  
  130  9:50  Graviton Catapult  
  130  10:13  Zealot x4  
  138  10:14  Zealot x3  
  144  10:23  Twilight Council  
  144  10:24  Carrier (Chrono Boost)  
  144  10:27  Void Ray (Chrono Boost)  
  150  10:34  Protoss Air Weapons Level 2 (Chrono Boost)  
  154  10:57  Forge  
  154  11:09  Charge  
  154  11:14  Immortal  
  154  11:16  Carrier  
  164  11:19  Void Ray  
  168  11:40  Void Ray  
  168  11:41  Nexus  
  168  11:43  Pylon  
  168  11:46  Pylon  
  172  11:51  Assimilator  
  172  11:53  Void Ray  
  176  11:56  Assimilator  
  176  12:18  Stargate  
  176  12:21  Photon Cannon  
  176  12:24  Photon Cannon  
  176  12:30  Carrier  
  182  12:45  Phoenix  
  175  13:05  Observer  
  176  13:09  Probe x3  
  179  13:21  Probe x2  
  179  13:22  Probe  
  188  13:33  Assimilator  
  188  13:40  Probe x4  
  192  13:52  Probe x3  
  192  13:53  Probe  
Show
View Real Time Build Order
Export as new Build Order

SpaceCadet Protoss 

Build Orders:  

Get SALT Encoding   

  12  0:01  Probe (Chrono Boost)  
  13  0:13  Probe (Chrono Boost)  
  14  0:17  Pylon  
  14  0:21  Probe (Chrono Boost)  
  15  0:35  Probe  
  16  0:40  Gateway  
  16  0:47  Probe  
  17  0:57  Assimilator  
  17  0:59  Probe  
  17  1:02  Assimilator  
  18  1:10  Gateway  
  18  1:22  Probe (Chrono Boost)  
  19  1:29  Cybernetics Core  
  19  1:36  Probe (Chrono Boost)  
  20  2:06  Warp Gate (Chrono Boost)  
  20  2:07  Adept  
  22  2:17  Pylon  
  22  2:28  Nexus  
  22  2:30  Twilight Council  
  22  2:34  Probe  
  22  2:35  Adept  
  25  2:49  Probe  
  26  3:01  Probe  
  27  3:08  Stalker x2  
  31  3:25  Robotics Facility  
  31  3:33  Assimilator  
  31  3:39  Probe, Pylon  
  31  3:40  Sentry  
  34  3:49  Probe  
  35  4:16  Immortal (Chrono Boost)  
  35  4:33  Probe (Chrono Boost)  
  37  4:39  Probe (Chrono Boost)  
  37  4:40  Stalker  
  39  4:45  Dark Shrine  
  39  4:46  Stalker  
  39  4:49  Immortal (Chrono Boost)  
  45  4:56  Probe (Chrono Boost)  
  46  5:04  Pylon  
  46  5:06  Probe (Chrono Boost)  
  47  5:08  Stalker  
  47  5:13  Zealot  
  51  5:23  Observer (Chrono Boost)  
  52  5:31  Probe  
  52  5:34  Stalker  
  55  5:37  Probe  
  56  5:54  Gateway  
  56  6:01  Probe (Chrono Boost)  
  58  6:05  Dark Templar x2  
  58  6:07  Probe (Chrono Boost)  
  62  6:16  Pylon  
  62  6:24  Pylon  
  62  6:34  Immortal  
  62  6:38  Stalker x2  
  70  6:42  Probe x2  
  68  6:57  Stalker  
  50  7:17  Immortal (Chrono Boost)  
  53  7:27  Stalker  
  53  7:28  Stalker x2  
  55  7:31  Probe (Chrono Boost)  
  55  7:35  Gateway  
  57  7:37  Probe (Chrono Boost)  
  57  7:41  Probe (Chrono Boost)  
  57  7:43  Assimilator  
  58  7:47  Immortal (Chrono Boost)  
  61  7:51  Dark Templar x2  
  61  7:52  Dark Templar  
  67  8:05  Probe (Chrono Boost)  
  68  8:24  Dark Templar  
  70  8:30  Pylon  
  70  8:35  Pylon  
  70  8:46  Probe  
  70  8:47  Forge  
  70  8:48  Stalker x3, Probe  
  46  9:15  Stalker x2  
  46  9:16  Stalker x2  
  54  9:21  Warp Prism  
  54  9:22  Protoss Ground Weapons Level 1 (Chrono Boost)  
  56  9:27  Probe (Chrono Boost)  
  58  9:33  Probe (Chrono Boost)  
  58  9:42  Pylon, Nexus  
  58  9:47  Stalker x2  
  62  10:01  Pylon  
  62  10:04  Pylon  
  62  10:22  Dark Templar x4  
  62  10:25  Immortal (Chrono Boost)  
  74  11:01  Stalker x4  
  80  11:06  Protoss Ground Armor Level 1 (Chrono Boost)  
  80  11:11  Photon Cannon  
  80  11:14  Photon Cannon  
  80  11:15  Photon Cannon  
  82  11:19  Photon Cannon, Probe (Chrono Boost)  
  82  11:20  Probe (Chrono Boost)  
  82  11:28  Assimilator  
  82  11:32  Stalker x2, Probe x2 (Chrono Boost)  
  88  11:33  Assimilator  
  90  11:40  Probe x2  
  90  11:47  Immortal  
  94  12:03  Stalker  
  94  12:04  Stalker x3  
  104  12:12  Probe x2 (Chrono Boost)  
  106  12:32  Immortal, Probe (Chrono Boost)  
  106  12:33  Probe (Chrono Boost)  
  100  12:52  Stalker x2  
  100  12:53  Stalker x2  
  90  13:07  Probe (Chrono Boost)  
  90  13:08  Probe (Chrono Boost)  
  90  13:11  Immortal  
  94  13:29  Stalker  
  94  13:30  Stalker x3  
  102  13:39  Shield Battery  
  102  13:48  Gateway  
  102  13:50  Gateway  
  102  13:52  Gateway  
Tags
 
Matchup
PvP
Spawn Locations
Cross Positions
Add a new tag
Caveats
  • Supply blocks, unpowered buildings, or Contaminate may cause inaccurate times.
  • Supply counts are checked every 10 seconds.